 Dungeon Crawl Stone Soup version 0.27.1-33-g824d729ab1 (webtiles) character file.

Game seed: 651951390806687756

165 spacecowboy273 the Cudgeller (level 5, 0/45 HPs)
             Began as a Minotaur Berserker on Dec 4, 2021.
             Was a Believer of Trog.
             Slain by a gnoll sergeant (3 damage)
             ... on level 6 of the Dungeon.
             The game lasted 00:06:17 (2522 turns).

spacecowboy273 the Cudgeller (Minotaur Berserker)   Turns: 2522, Time: 00:06:18

Health: 0/45       AC:  5    Str: 22    XL:     5   Next: 21%
Magic:  4/4        EV: 11    Int:  5    God:    Trog [**....]
Gold:   130        SH:  0    Dex:  9    Spells: 4/4 levels left

rFire    . . .     SeeInvis .   a - +0 mace
rCold    . . .     Faith    .   (no shield)
rNeg     . . .     Spirit   .   i - +0 ring mail
rPois    .         Reflect  .   (helmet restricted)
rElec    .         Harm     .   (no cloak)
rCorr    .         Rampage  .   (no gloves)
Will     .....                  (no boots)
Stlth    ..........             (no amulet)
HPRegen  0.15/turn              (no ring)
MPRegen  0.09/turn              (no ring)

@: no status effects
A: horns 2, retaliatory headbutt
a: Renounce Religion, Berserk, Trog's Hand


You were on level 6 of the Dungeon.
You worshipped Trog.
Trog was pleased with you.
You visited 1 branch of the dungeon, and saw 7 of its levels.

You collected 130 gold pieces.

Inventory:

Hand Weapons
 a - a +0 mace (weapon)
 j - a +0 broad axe
 n - a +0 flail
Armour
 b - a +0 animal skin
 i - a +0 ring mail (worn)
Wands
 k - a wand of iceblast (10)
Scrolls
 c - 2 scrolls of vulnerability {unknown}
 d - a scroll of noise {unknown}
 f - a scroll of enchant armour {unknown}
 l - a scroll of fog {unknown}
Potions
 e - a potion of degeneration {unknown}
 g - a potion of heal wounds {unknown}
 h - a potion of might {unknown}
 m - a potion of invisibility {unknown}


   Skills:
 - Level 3.6 Fighting
 * Level 7.2 Maces & Flails
 - Level 2.4 Armour
 - Level 2.1 Dodging


You had 4 spell levels left.
You didn't know any spells.
Your spell library was empty.

Dungeon Overview and Level Annotations

Branches:
Dungeon (7/15)
 Temple: D:4-7

Altars:


Innate Abilities, Weirdness & Mutations

You have a pair of horns on your head.
You reflexively headbutt those who attack you in melee.


Message History

The gnoll sergeant closely misses you.
The gnoll sergeant hits you with a +0 spear.
The gnoll misses you.
Things that are here:
a +0 flail; a +0 ring mail; an orc corpse You hit the gnoll sergeant.
The gnoll sergeant is lightly wounded.
The gnoll sergeant misses you. You furiously retaliate!
You headbutt the gnoll sergeant, but do no damage.
The gnoll hits you from afar with a +0 spear.
You hit the gnoll sergeant but do no damage.
You headbutt the gnoll sergeant.
The gnoll sergeant is moderately wounded.
The gnoll sergeant hits you with a +0 spear.
* * * LOW HITPOINT WARNING * * *
The gnoll hits you from afar with a +0 spear.
* * * LOW HITPOINT WARNING * * *
The gnoll sergeant barely misses you.
Things that are here:
a +0 hand axe; a +0 leather armour The gnoll closely misses you.
The gnoll sergeant hits you with a +0 spear!
* * * LOW HITPOINT WARNING * * *
Unknown command.
Unknown command.
You sock the orc!
You kill the orc!
Trog accepts your kill.
The gnoll sergeant completely misses you.
The gnoll misses you.
The gnoll sergeant hits you with a +0 spear.
* * * LOW HITPOINT WARNING * * *
The gnoll closely misses you. You furiously retaliate!
You headbutt the gnoll! The gnoll closely misses you.
You see here a +0 short sword.
You thump the gnoll!
You kill the gnoll!
Trog accepts your kill.
The gnoll sergeant hits you with a +0 spear.
You die...

#.... ######## #.#.####
#......####### #.#.... .
##.###.##....# #....##..
#.# #.##....# #........
#.# #.##....####....##.#
#.# #.##....##(.>.......
#.###.##....####[...##.#
#...#.##..g@# #....#
###.#.##..go# #.####
#.#.##....####.#
#.#[.....g.....#
#.####....######
#.#.....))[#
#.#........#########
#.#................#
#.#................#


You could see an orc warrior, a gnoll sergeant and 2 gnolls.

Vanquished Creatures
  A water moccasin zombie (D:5)
  A hound (D:5)
  2 gnolls (D:6)
  2 adders (D:2)
  A worm (D:2)
  A dart slug (D:2)
  7 orcs
  5 ball pythons
  5 endoplasms
  A giant cockroach (D:1)
  2 goblins (D:2)
  A hobgoblin (D:1)
  4 jackals (D:2)
  2 quokkas (D:2)
  4 bats
  2 frilled lizards
  2 kobolds
  A rat (D:2)
44 creatures vanquished.

Notes
Turn   | Place    | Note
-------+----------+-------------------------------------------
     0 | D:1      | spacecowboy273 the Minotaur Berserker began the quest for
                  | the Orb.
     0 | D:1      | Reached XP level 1. HP: 19/19 MP: 0/0
    90 | D:1      | Reached skill level 4 in Maces & Flails
   517 | D:1      | Reached XP level 2. HP: 26/26 MP: 1/1
   876 | D:2      | Reached skill level 5 in Maces & Flails
   876 | D:2      | Reached XP level 3. HP: 31/31 MP: 2/2
  1630 | D:2      | Reached ** piety under Trog
  1995 | D:3      | You fall into a shaft and drop 2 floors!
  1995 | D:5      | Entered Level 5 of the Dungeon
  2010 | D:5      | Reached skill level 6 in Maces & Flails
  2010 | D:5      | Reached XP level 4. HP: 23/39 MP: 3/3
  2182 | D:5      | Reached skill level 7 in Maces & Flails
  2182 | D:5      | Reached XP level 5. HP: 41/45 MP: 4/4
  2264 | D:4      | You fall into a shaft and drop 3 floors!
  2485 | D:6      | Noticed an orc warrior
  2522 | D:6      | Slain by a gnoll sergeant

Illustrated notes

Levels and vault maps discovered:
D:1:      scummos_arrival_gate, layout_rooms, hex_medium, minmay_tetromino_s2
D:2:      layout_loops_ring, kennysheep_generic_room_4
D:3:      minmay_diamond_boxcup, layout_loops_cross,
          mainiacjoe_overflow_alcove_3, grunt_decor_arrowhead
D:4:      layout_layer_cave, enter_ossuary_5
D:5:      layout_gridville, minmay_temple_entry_large_hall, minmay_ogre_servants
D:6:      minmay_inner_zag, layout_basic, minmay_fractal_squares_gapless_5,
          uniq_sigmund, uniq_duvessa
D:7:      minmay_thick_lines, layout_rooms

Skill      XL: |  1  2  3  4 |
---------------+-------------+-----
Maces & Flails | 4 5 6 7 |  7.2
Fighting       | |  3.6
Armour         | |  2.4
Dodging        | |  2.1

Action                   |  1- 3 |  4- 6 || total
-------------------------+-------+-------++-------
Melee: Mace              |    68 |    22 ||    90
       Headbutt          |     9 |     4 ||    13
Armor: Animal skin       |    14 |       ||    14
       Ring mail         |     1 |    10 ||    11
Dodge: Dodged            |    52 |    17 ||    69
